 Dungeon Crawl Stone Soup version 0.30-a0-269-gf0224bf7b6 (webtiles) character file.

Game seed: 3062972014183384104

62 CertainDeath the Grasshopper (level 3, 0/48 HPs)
             Began as an Armataur Warper on Oct 14, 2022.
             Succumbed to an adder's poison
             ... on level 2 of the Dungeon.
             The game lasted 00:02:33 (1016 turns).

CertainDeath the Grasshopper (Armataur Warper)      Turns: 1016, Time: 00:02:33

Health: 0/48       AC:  5    Str: 18    XL:     3   Next: 85%
Magic:  6/6        EV:  9    Int: 13    God:
Gold:   61         SH:  0    Dex:  9    Spells: 4/6 levels left

rFire   . . .      SeeInvis .    b - +2 whip (holy)
rCold   . . .      Faith    .    (no shield)
rNeg    . . .      Spirit   .    h - +0 leather armour
rPois   .          Reflect  .    e - +0 helmet
rElec   .          Harm     .    (no cloak)
rCorr   .          Roll     +    (no gloves)
Will    .....                    (no barding)
Stlth   ..........               (no amulet)
HPRegen 0.28/turn                (no ring)
MPRegen 0.10/turn                (no ring)

@: berserking, lethally poisoned (0 -> -6), very quick
A: large, rugged brown scales 3, deformed body, armoured tail, roll, long
tongue, awkward tongue
a: no special abilities


You were on level 2 of the Dungeon.
You visited 1 branch of the dungeon, and saw 2 of its levels.

You collected 61 gold pieces.

Inventory:

Hand Weapons
 a - a +0 mace
 b - a +2 whip of holy wrath (weapon)
Missiles
 d - 7 boomerangs of dispersal (quivered)
 j - 6 javelins
 k - 2 boomerangs
Armour
 e - a +0 helmet (worn)
 h - a +0 leather armour (worn)
Scrolls
 c - a scroll of blinking
 f - a scroll of amnesia {unknown}
 i - a scroll of vulnerability {unknown}
 m - a scroll of teleportation {unknown}
Potions
 g - a potion of berserk rage
 l - a potion of ambrosia {unknown}


   Skills:
 + Level 2.4 Fighting
 + Level 2.4 Maces & Flails
 - Level 0.8 Throwing
 - Level 1.2 Armour
 - Level 1.3 Dodging
 + Level 2.3 Spellcasting
 + Level 3.5 Translocations


You had 4 spell levels left.
You knew the following spells:

 Your Spells              Type           Power      Damage    Failure   Level
a - Blink                 Tloc           20%        N/A       11%         2

Your spell library contained the following spells:

 Spells                   Type           Power      Damage    Failure   Level
 Lesser Beckoning         Tloc           20%        N/A       21%         3
 Teleport Other           Tloc           10%        N/A       21%         3
 Vhi's Electric Charge    Tloc/Air       12%        N/A       38%         3
 Manifold Assault         Tloc           10%        N/A       56%         4


Dungeon Overview and Level Annotations

Branches:
Dungeon (2/15)

Altars:


Innate Abilities, Weirdness & Mutations

You are completely covered in rugged brown scales. (AC +3, +7% HP)
Armour fits poorly on your strangely shaped body.
You have a long armoured tail.
You roll when moving toward enemies. (Rampage)
Your long tongue fully drains potion bottles. (2x potion effects)
Your tongue gives you trouble enunciating. (1.5x scroll delay)


Message History

You are more poisoned.
The adder poisons you!
You hit the adder.
The adder is severely wounded.
You feel sick.
The adder bites you but does no damage. x2
You barely miss the adder.
The adder is severely wounded.
You feel sick. The adder bites you.
You are more poisoned.
The adder poisons you! The adder bites you but does no damage.
The adder barely misses you. The adder bites you.
You are lethally poisoned!
The adder poisons you!
You hit the adder.
The adder is severely wounded.
You feel very sick.
The adder bites you but does no damage. x2
You whack the adder!
You kill the adder!
* * * LOW HITPOINT WARNING * * *
You feel very sick. The adder bites you.
* * * LOW HITPOINT WARNING * * *
* * * LOW HITPOINT WARNING * * *
You feel very sick. The adder bites you.
* * * LOW HITPOINT WARNING * * *
You see here an adder corpse.
It was a potion of berserk rage.
A red film seems to cover your vision as you go berserk!
You feel yourself moving faster!
You feel mighty!
* * * LOW HITPOINT WARNING * * *
You feel sick. The adder closely misses you.
The adder bites you but does no damage.
You closely miss the adder.
* * * LOW HITPOINT WARNING * * *
You feel sick.
You whack the adder!
You kill the adder!
You die...

#####....#........
.......... ......
......#.# #.....
....##..# ##....##
....#<.# #......####
....).## # #.........#
....#......#.........#
#####
....#.####...........#
#...## ......#
..#....@....# #.....
.....## #....#.##..#
#..... .#####
#.#........# #..... ..
............# #.....
.. #..#.#####..#
##.##. ###.. #..#
#.### #. #..# #.### #
#..## #....
#<..###########


There were no monsters in sight!

Vanquished Creatures
  3 adders (D:2)
  A dart slug (D:1)
  7 ball pythons
  6 endoplasms
  A giant cockroach (D:1)
  A goblin (D:2)
  2 hobgoblins (D:1)
  7 jackals (D:1)
  2 quokkas (D:1)
  A bat (D:1)
  A frilled lizard (D:2)
  3 kobolds (D:1)
  4 rats
39 creatures vanquished.

Notes
Turn   | Place    | Note
-------+----------+-------------------------------------------
     0 | D:1      | CertainDeath the Armataur Warper began the quest for the
                  | Orb.
     0 | D:1      | Reached XP level 1. HP: 18/18 MP: 3/3
    85 | D:1      | Reached XP level 2. HP: 12/25 MP: 4/4
    99 | D:1      | Learned a level 2 spell: Blink
   553 | D:1      | Reached XP level 3. HP: 29/31 MP: 6/6
  1014 | D:2      | HP: 2/48 [poisoned by an adder]
  1016 | D:2      | Succumbed to an adder's poison

Illustrated notes

Levels and vault maps discovered:
D:1:      dpeg_arrival_windows_large_door, layout_loops_cross
D:2:      cheibrodos_pilgrimage, layout_rooms,
          shapermc_ecumenical_altar_notcrosses, serial_corexii_hall,
          corexii_hall_statues_deadend, corexii_hall_statues_s,
          minmay_misc_feat_pillars, minivault_26, minmay_misc_feat_roman

Skill      XL: |  1  2 |
---------------+-------+-----
Fighting       | 2 |  2.4
Maces & Flails | 2 |  2.4
Spellcasting   | 2 |  2.3
Throwing       | |  0.8
Armour         | |  1.2
Dodging        | |  1.3
Translocations | |  3.5

Action                   || total
-------------------------++-------
Melee: Mace              ||    61
       Tailslap          ||    12
       Whip              ||    40
  Use: Potion            ||     1
Armor: Leather armour    ||    56
Dodge: Dodged            ||    58

Table legend: (Time is in decaauts)
 A = Elapsed time spent in this place.
 B = Non-inter-level travel time spent in this place.
 C = Inter-level travel time spent in this place.
 D = Time resting spent in this place.
 E = Time spent auto-exploring this place.
 F = Levels seen in this place.
 G = Mean time per level.
                   A        B        C        D        E       F      G
               +--------+--------+--------+--------+--------+-----+--------+
         Total |   1034 |   1020 |     14 |      0 |    722 |   2 |  517.0 |
       Dungeon |   1034 |   1020 |     14 |      0 |    722 |   2 |  517.0 |
               +--------+--------+--------+--------+--------+-----+--------+

Top non-repeatable levels by time:
     D:1: 840 daAuts
     D:2: 193 daAuts
